 Dungeon Crawl Stone Soup version 0.14.1-23-g35e4e54 (webtiles) character file.

149 Kae the Firebug (level 3, -2/19 HPs)
             Began as a Tengu Fire Elementalist on June 11, 2014.
             Killed by divine providence
             ... invoked by an orc priest
              (11 damage)
             ... on Level 3 of the Dungeon.
             The game lasted 00:01:20 (1127 turns).

Kae the Firebug (Tengu Fire Elementalist)           Turns: 1127, Time: 00:01:20

HP  -2/19        AC  2     Str  8      XL: 3   Next: 68%
MP   7/7         EV 12     Int 16      God:
Gold 103         SH  0     Dex 14      Spells:  1 memorised,  6 levels left

rFire  . . .     SeeInvis .     o - +0,+1 spear (distort)
rCold  . . .     Clarity  .     a - +0 robe
rNeg   . . .     Conserve .     (no shield)
rPois  .         rCorr    .     (helmet restricted)
rElec  .         rRot     .     (no cloak)
SustAb . .       Spirit   .     (no gloves)
rMut   .         Warding  .     (boots unavailable)
Saprov . . .     Stasis   .     (no amulet)
MR     .....                    (no ring)
                                (no ring)

@: not resistant to hostile enchantments, fairly stealthy
A: beak, talons 3
a: no special abilities


You were on level 3 of the Dungeon.
You were not hungry.

You visited 1 branch of the dungeon, and saw 3 of its levels.

You collected 103 gold pieces.

Inventory:

Hand weapons
 o - a +0,+1 spear of distortion (weapon)
Armour
 a - a +0 robe (worn)
Comestibles
 c - 3 bread rations
 d - 2 pears
 f - a choko
 j - 3 meat rations
 s - 2 chunks of jackal flesh
Scrolls
 e - 2 scrolls of enchant weapon I {unknown}
 h - 3 scrolls of identify {unknown}
 m - 2 scrolls of fear {unknown}
 n - a scroll of remove curse {unknown}
 p - a scroll of fog {unknown}
Potions
 g - 3 potions of curing {unknown}
 i - a potion of haste {unknown}
 k - 3 potions of brilliance {unknown}
 l - a potion of might {unknown}
 q - a potion of heal wounds {unknown}
Books
 b - a book of Flames

   Spells                             Type                      Level
   *Flame Tongue                      Conjuration/Fire             1
   Throw Flame                        Conjuration/Fire             2
   Conjure Flame                      Conjuration/Fire             3
   Inner Flame                        Hexes/Fire                   3
   Sticky Flame                       Conjuration/Fire             4
   Fireball                           Conjuration/Fire             5


   Skills:
 - Level 2.1 Dodging
 - Level 2.0 Stealth
 + Level 2.5 Spellcasting
 * Level 2.3 Conjurations
 * Level 4.2 Fire Magic


You had 6 spell levels left.
You knew the following spells:

 Your Spells              Type           Power        Failure   Level  Hunger
a - Flame Tongue          Conj/Fire      ##...        8%          1    #......


Dungeon Overview and Level Annotations

Branches:
Dungeon (3/15)

Altars:


Innate Abilities, Weirdness & Mutations

You have a beak for a mouth.
You have claws for feet.


Message History

You reach to attack!
You hit the orc priest.
Space bends around the orc priest.
The orc priest is moderately wounded.
You hit the orc priest.
The orc priest looks slightly unstable.
The orc priest is moderately wounded.
The orc priest prays to Beogh.
You feel troubled. The orc priest hits you with a flail.
You hit the orc priest but do no damage.
The orc priest is moderately wounded.
The orc priest blinks!
The orc priest disappears!
You start resting.
An orc comes into view. It is wielding a hand axe.
An orc is nearby!
The orc priest calls down the wrath of Beogh upon you.
Pain shoots through your body!
You are too injured to fight recklessly!
You are too injured to fight recklessly!
The orc priest mumbles some strange prayers to Beogh against you.
Something smites you!
Ouch! That really hurt!
You die...

#....# #.# #....#
#.# #....# #.#
#....# #.# #
##....###### #.# o#
<#.........#
#.###..#
)%.........#
#>.....#
...........#
#.####.#
...........# #@#
...........# #.#
....##...### #o#
....##...# #.#
....##.%.#######'###
....##............)#
....####...........#
...# #...........#
#...........#


You could see an orc priest.

Vanquished Creatures
  An adder (D:2)
  2 giant geckos (D:2)
  3 orcs (D:3)
  5 bats
  3 giant cockroaches
  4 goblins
  3 hobgoblins
  3 jackals (D:3)
  A kobold (D:2)
  4 giant newts
  3 rats
32 creatures vanquished.

Vanquished Creatures (others)
  A hobgoblin (D:2)
1 creature vanquished.

Grand Total: 33 creatures vanquished

Notes
Turn   | Place    | Note
--------------------------------------------------------------
     0 | D:1      | Kae, the Tengu Fire Elementalist, began the quest for the Orb.
     0 | D:1      | Reached XP level 1. HP: 10/10 MP: 3/3
   212 | D:1      | Reached XP level 2. HP: 13/15 MP: 1/5
   696 | D:2      | Reached XP level 3. HP: 15/19 MP: 7/7
   871 | D:2      | Reached skill level 4 in Fire Magic
  1127 | D:3      | Killed from afar by an orc priest

Action                   || total
-------------------------++-------
Melee: Unarmed           ||    40
       Spear             ||    30
 Cast: Flame Tongue      ||    12
 Stab: Sleeping          ||     4
